 Dungeon Crawl Stone Soup version 0.32-a0-871-ge202e49faa (webtiles) character file.

Game seed: 1006173173931823443

1221 epen the Grasshopper (level 8, -2/63 (64) HPs)
             Began as a Gnoll Warper on Mar 29, 2024.
             Was a Follower of Okawaru.
             Slain by a wight
             ... wielding a +0 halberd
              (15 damage)
             ... on level 6 of the Dungeon.
             The game lasted 00:06:41 (4917 turns).

epen the Grasshopper (Gnoll Warper)                 Turns: 4917, Time: 00:06:41

HP:   -2/63 (64)    AC:  8    Str: 18    XL:     8   Next: 47%
MP:   15/17         EV: 13    Int: 12    God:    Okawaru [*.....]
Gold: 280           SH:  0    Dex: 13    Spells: 15/19 levels left

rFire   . . .        u - +4 dagger "Ideilyac" {holy, rC+}
rCold   + . .        (no shield)
rNeg    . . .        b - +0 leather armour
rPois   .            r - +0 helmet
rElec   .            (no cloak)
rCorr   .            (no gloves)
SInv    .            (no boots)
Will    .....        (no amulet)
Stlth   ++           g - +4 ring of protection
HPRegen 0.30/turn    v - +6 ring of strength
MPRegen 0.15/turn

%: no passive effects
@: very slightly contaminated, lightly drained
A: fangs 1, strong nose, distributed training, deterioration 1, inability to
drink after injury 2
a: Renounce Religion, Heroism


You were on level 6 of the Dungeon.
You worshipped Okawaru.
Okawaru was aware of your devotion.
You visited 2 branches of the dungeon, and saw 7 of its levels.

You collected 280 gold pieces.

Inventory:

Hand Weapons
 a - a +0 falchion of draining
 u - the +4 dagger "Ideilyac" (weapon) {holy, rC+}
   (You found it on level 5 of the Dungeon)

   rC+:       It protects you from cold.
Missiles
 d - 7 darts of dispersal (quivered)
 j - 6 poisoned darts
 p - 2 throwing nets
Armour
 b - a +0 leather armour (worn)
 r - a +0 helmet (worn)
Jewellery
 g - a +4 ring of protection (left hand)
 v - a +6 ring of strength (right hand)
Wands
 c - a wand of mindburst (4)
Scrolls
 e - 4 scrolls of identify
 f - a scroll of torment
 i - 4 scrolls of teleportation
 k - a scroll of revelation
 m - a scroll of fog {unknown}
 n - a scroll of fear
 s - a scroll of vulnerability {unknown}
Potions
 h - a potion of enlightenment {unknown}
 l - a potion of haste
 o - 3 potions of lignification
 t - a potion of invisibility {unknown}


   Skills:
 + Level 5.8 Fighting
 + Level 3.4 Short Blades
 + Level 5.8 Long Blades
 + Level 3.4 Axes
 + Level 3.4 Maces & Flails
 + Level 3.4 Polearms
 + Level 3.4 Staves
 + Level 3.4 Ranged Weapons
 + Level 4.3 Throwing
 + Level 4.3 Armour
 + Level 5.8 Dodging
 + Level 3.4 Stealth
 + Level 3.4 Shields
 + Level 3.4 Unarmed Combat
 + Level 6.1 Spellcasting
 + Level 2.8 Conjurations
 + Level 2.8 Hexes
 + Level 2.8 Summonings
 + Level 2.8 Necromancy
 + Level 6.2 Translocations
 + Level 2.8 Fire Magic
 + Level 2.8 Ice Magic
 + Level 2.8 Air Magic
 + Level 2.8 Earth Magic
 + Level 2.8 Alchemy
 + Level 3.8 Invocations
 + Level 3.4 Evocations
 + Level 3.1 Shapeshifting


You had 15 spell levels left.
You knew the following spells:

 Your Spells              Type           Power      Damage    Failure   Level
a - Blink                 Tloc           36%        N/A       2%          2
b - Lesser Beckoning      Tloc           36%        N/A       2%          2

Your spell library contained the following spells:

 Spells                   Type           Power      Damage    Failure   Level
 Teleport Other           Tloc           18%        N/A       4%          3
 Sandblast                Erth           20%        2d7       7%          1
 Maxwell's Portable Pile  Tloc           18%        2d(8-15)  16%         4
 Stone Arrow              Conj/Erth      20%        3d8       21%         3
 Vhi's Electric Charge    Tloc/Air       28%        N/A       32%         4
 Brom's Barrelling Bould  Conj/Erth      10%        2d3       54%         4


Dungeon Overview and Level Annotations

Branches:
Dungeon (6/15)             Temple (1/1) D:5

Altars:
Cheibriados
Dithmenos
Elyvilon
Hepliaklqana
Kikubaaqudgha
Nemelex Xobeh
Okawaru
Qazlal
Sif Muna
Trog
Uskayaw
Vehumet
Wu Jian
Xom
Yredelemnul
Zin

Annotations:
D:5 1 runed translucent door, zorb987's ghost, novice GnRe


Innate Abilities, Weirdness & Mutations

You have very sharp teeth.
Your uncanny sense of smell can sniff out nearby items.
Your experience applies equally to all skills.
Your body sometimes deteriorates upon taking damage.
You sometimes lose the ability to drink potions when taking damage.


Message History

The wight misses you.
The orc wizard hits you but does no damage.
You barely miss Eustachio. Your bite misses Eustachio.
Eustachio is heavily wounded.
Eustachio casts a spell.
Eustachio blinks!
The wight closely misses you.
The orc wizard gestures at you while chanting.
You are confused.
The wight closely misses you.
Eustachio growls, "To hell with you, honourless miscreant!"
You miss the orc wizard.
The wight hits you from afar with a +0 halberd!
You feel drained. The wight hits you but does no damage.
Eustachio screams, "At last I'll have my revenge!"
The orc wizard casts a spell at you. You resist with some effort.
You are too confused!
You feel better. The wight closely misses you.
The wight hits you from afar with a +0 halberd!
You feel drained. The orc misses you.
The orc wizard hits you with a +0 dagger.
Aiming: Mindburst
Press: ? - help, Shift-Dir - straight line, f/p - Eustachio
Aim: Eustachio, wielding a +0 rapier and wearing a +0 leather armour (heavily wounded, chance to affect: 77%) Eustachio's mind is blasted!!
You blow up Eustachio!
Okawaru accepts your kill.
The wight misses you. x2; The orc hits you but does no damage.
The orc wizard points at you and mumbles some strange words.
The magic dart hits you!
* * * LOW HITPOINT WARNING * * *
You feel your intelligence returning.
Okay, then.
Cast which spell? (? or * to list)
You miscast Blink.
You are very lightly contaminated with residual magic.
Nothing appears to happen.
The wight hits you with a +0 war axe.
* * * LOW HITPOINT WARNING * * *
The wight hits you from afar with a +0 halberd!
You die...

#.###.### #..#.###.<.#
#..##.# #..#.# ##..## .
##z##.# #..#.# ##..# .#
##.#..# ###..#.#####..##.##.
.#z..## #.........#.........
.#..## ##.###.###(....#....#
...## #..# #..##...........
...#####.## ##..zoz.........
......<..#####..@o#.........
.......#.......#).#.........
####.............##.........
###...........#.............
...........##.#.............
###........##.#.............
#........##...............
#....>...####.......
#........# . ....


You could see 2 wights, an orc wizard and an orc.

Vanquished Creatures
  Sigmund (D:3)
  Eustachio (D:6)
  An ice beast (D:5)
  An ogre (D:5)
  A phantom (D:4)
  A bullfrog (D:6)
  2 scorpions (D:5)
  2 wights (D:6)
  2 hounds
  2 sleepcaps (D:5)
  A gnoll bouda (D:4)
  2 iguanas (D:5)
  7 gnolls (D:4)
  7 adders
  6 dart slugs
  3 orcs (D:5)
  4 bats
  9 endoplasms
  6 giant cockroaches
  5 goblins
  4 hobgoblins
  A quokka (D:1)
  3 ball pythons
  A frilled lizard (D:3)
  6 kobolds
  11 rats
90 creatures vanquished.

Notes
Turn   | Place    | Note
-------+----------+-------------------------------------------
     0 | D:1      | epen the Gnoll Warper began the quest for the Orb.
     0 | D:1      | Reached XP level 1. HP: 20/20 MP: 6/6
    73 | D:1      | Reached XP level 2. HP: 22/26 MP: 7/7
   133 | D:1      | Learned a level 2 spell: Blink
   552 | D:1      | Reached skill level 5 in Spellcasting
   552 | D:1      | Reached XP level 3. HP: 30/31 MP: 7/9
   747 | D:2      | Reached skill level 1 in Invocations
   749 | D:2      | Gained mutation: You occasionally lose the ability to drink
                  | potions when taking damage. [potion of mutation]
   749 | D:2      | Gained mutation: Your body sometimes deteriorates upon
                  | taking damage. [potion of mutation]
   749 | D:2      | Gained mutation: You sometimes lose the ability to drink
                  | potions when taking damage. [potion of mutation]
  1018 | D:2      | Reached skill level 1 in Short Blades
  1018 | D:2      | Reached skill level 1 in Axes
  1018 | D:2      | Reached skill level 1 in Maces & Flails
  1018 | D:2      | Reached skill level 1 in Polearms
  1018 | D:2      | Reached skill level 1 in Staves
  1018 | D:2      | Reached skill level 1 in Ranged Weapons
  1018 | D:2      | Reached skill level 1 in Stealth
  1018 | D:2      | Reached skill level 1 in Shields
  1018 | D:2      | Reached skill level 1 in Unarmed Combat
  1018 | D:2      | Reached skill level 1 in Evocations
  1137 | D:2      | Reached skill level 1 in Shapeshifting
  1137 | D:2      | Reached XP level 4. HP: 36/38 MP: 11/11
  1152 | D:2      | Found a faded altar of an unknown god.
  1698 | D:3      | Reached skill level 1 in Conjurations
  1698 | D:3      | Reached skill level 1 in Hexes
  1698 | D:3      | Reached skill level 1 in Summonings
  1698 | D:3      | Reached skill level 1 in Necromancy
  1698 | D:3      | Reached skill level 1 in Fire Magic
  1698 | D:3      | Reached skill level 1 in Ice Magic
  1698 | D:3      | Reached skill level 1 in Air Magic
  1698 | D:3      | Reached skill level 1 in Earth Magic
  1698 | D:3      | Reached skill level 1 in Alchemy
  1888 | D:3      | Noticed Sigmund
  1968 | D:3      | Learned a level 2 spell: Lesser Beckoning
  2051 | D:3      | Killed Sigmund
  2052 | D:3      | Reached XP level 5. HP: 42/43 MP: 12/12
  2052 | D:3      | Reached XP level 6. HP: 49/50 MP: 14/14
  2361 | D:4      | Reached skill level 5 in Fighting
  2361 | D:4      | Reached skill level 5 in Long Blades
  2361 | D:4      | Reached skill level 5 in Dodging
  2808 | D:4      | Reached XP level 7. HP: 46/56 MP: 15/15
  2973 | D:5      | Entered Level 5 of the Dungeon
  2978 | D:5      | Found a stormy altar of Qazlal.
  3009 | D:5      | HP: 1/56 [iguana (11)]
  3290 | D:5      | Found a staircase to the Ecumenical Temple.
  3301 | Temple   | Entered the Ecumenical Temple
  3310 | Temple   | Became a worshipper of Warmaster Okawaru
  3346 | D:5      | Found a runed translucent door.
  3353 | D:5      | Noticed zorb987's ghost (novice GnRe)
  3743 | D:5      | Reached * piety under Okawaru
  3744 | D:5      | Reached XP level 8. HP: 22/63 MP: 16/16
  3749 | D:5      | Identified the +4 dagger "Ideilyac" {holy, rC+}
  4468 | D:6      | Noticed Eustachio
  4916 | D:6      | Killed Eustachio
  4917 | D:6      | Slain by a wight

Illustrated notes

Levels and vault maps discovered:
D:1:      amcnicky_arrival_choice, layout_loops_cross, grunt_decor_cap
D:2:      layout_basic, hellmonk_ecumenical_altar_crossroads,
          minmay_pentomino_u2
D:3:      layout_basic, bh_walls_and_bars, uniq_sigmund
D:4:      layout_basic
D:5:      layout_basic, nicolae_qazlal_general_emergency,
          minmay_temple_entry_ruins, ebering_ghost_reflecting_pool
D:6:      layout_rooms, mainiacjoe_overflow_catwalk, wad_floor_pattern_2,
          uniq_eustachio
Temple:   nicolae_temple_no_exploring_needed

Skill      XL: |  1  2  3  4  5  6  7  8 |
---------------+-------------------------+-----
Spellcasting   | 5 6 |  6.1
Invocations    | 1 2 3 |  3.8
Short Blades   | 1 2 3 |  3.4
Axes           | 1 2 3 |  3.4
Maces & Flails | 1 2 3 |  3.4
Polearms       | 1 2 3 |  3.4
Staves         | 1 2 3 |  3.4
Ranged Weapons | 1 2 3 |  3.4
Stealth        | 1 2 3 |  3.4
Shields        | 1 2 3 |  3.4
Unarmed Combat | 1 2 3 |  3.4
Evocations     | 1 2 3 |  3.4
Shapeshifting  | 1 2 3 |  3.1
Conjurations   | 1 2 |  2.8
Hexes          | 1 2 |  2.8
Summonings     | 1 2 |  2.8
Necromancy     | 1 2 |  2.8
Fire Magic     | 1 2 |  2.8
Ice Magic      | 1 2 |  2.8
Air Magic      | 1 2 |  2.8
Earth Magic    | 1 2 |  2.8
Alchemy        | 1 2 |  2.8
Throwing       | 3 4 |  4.3
Armour         | 3 4 |  4.3
Fighting       | 5 |  5.8
Long Blades    | 5 |  5.8
Dodging        | 5 |  5.8
Translocations | 6 |  6.2

Action                     |  1- 3 |  4- 6 |  7- 9 || total
---------------------------+-------+-------+-------++-------
  Melee: Falchion          |    96 |   152 |    85 ||   333
         Bite              |     6 |    12 |    24 ||    42
         Dagger            |       |       |   101 ||   101
  Evoke: Wand              |       |       |     5 ||     5
    Use: Potion            |     3 |       |     2 ||     5
         Scroll            |       |     9 |     1 ||    10
   Stab: Sleeping          |     1 |     3 |     2 ||     6
 Armour: Leather armour    |    51 |    88 |   140 ||   279
         Skin              |     3 |       |       ||     3
  Dodge: Dodged            |    50 |    93 |   150 ||   293

Table legend: (Time is in decaauts)
 A = Elapsed time spent in this place.
 B = Non-inter-level travel time spent in this place.
 C = Inter-level travel time spent in this place.
 D = Time resting spent in this place.
 E = Time spent auto-exploring this place.
 F = Levels seen in this place.
 G = Mean time per level.
                   A        B        C        D        E       F      G
               +--------+--------+--------+--------+--------+-----+--------+
         Total |   4920 |   4634 |    286 |    862 |   2843 |   7 |  702.9 |
       Dungeon |   4904 |   4623 |    281 |    862 |   2843 |   6 |  817.3 |
        Temple |     15 |     10 |      5 |      0 |      0 |   1 |   15.0 |
               +--------+--------+--------+--------+--------+-----+--------+

Top non-repeatable levels by time:
     D:5: 1466 daAuts
     D:4: 880 daAuts
     D:2: 871 daAuts
     D:1: 734 daAuts
     D:3: 712 daAuts
     D:6: 239 daAuts
  Temple: 15 daAuts
